 Dungeon Crawl Stone Soup version 0.23.2-40-g277498a001 (webtiles) character file.

Game seed: 12187658123444866128

86 Emblim88 the Grasshopper (level 4, -2/38 HPs)
             Began as a Gnoll Warper on Aug 24, 2019.
             Killed by divine providence
             ... invoked by an orc priest
              (9 damage)
             ... on level 3 of the Dungeon.
             The game lasted 00:02:49 (2041 turns).

Emblim88 the Grasshopper (Gnoll Warper)             Turns: 2041, Time: 00:02:50

Health: -2/38      AC:  6    Str: 13    XL:     4   Next: 49%
Magic:  10/11      EV: 14    Int: 15    God:
Gold:   58         SH:  0    Dex: 16    Spells: 11/13 levels left

rFire    . . .     SeeInvis .   a - +0 falchion
rCold    + . .     Gourm    .   (no shield)
rNeg     . . .     Faith    .   b - +0 leather armour
rPois    .         Spirit   .   (no helmet)
rElec    .         Reflect  .   (no cloak)
rCorr    .         Harm     .   j - +2 pair of gloves
MR       .....                  (no boots)
Stlth    ++........             (no amulet)
HPRegen  0.12/turn              h - ring of protection from cold
MPRegen  0.12/turn              (no ring)

@: shrouded
A: distributed training, fangs 1, strong nose
a: no special abilities


You were on level 3 of the Dungeon.
You were not hungry.

You visited 1 branch of the dungeon, and saw 3 of its levels.

You collected 58 gold pieces.

Inventory:

Hand Weapons
 a - a +0 falchion (weapon)
 l - a +2 dagger of venom
 m - a +0 blowgun
Missiles
 e - 10 tomahawks of dispersal (quivered)
 n - 6 tomahawks
 o - 17 poisoned needles
Armour
 b - a +0 leather armour (worn)
 j - a +2 pair of gloves (worn)
Jewellery
 h - a ring of protection from cold (left hand)
Scrolls
 c - a scroll of remove curse {unknown}
 d - 2 scrolls of blinking
 g - a scroll of teleportation {unknown}
 i - a scroll of immolation {unknown}
 k - 2 scrolls of identify {unknown}
Comestibles
 f - 4 rations


   Skills:
 + Level 4.6 Fighting
 + Level 1.1 Short Blades
 + Level 4.6 Long Blades
 + Level 1.1 Axes
 + Level 1.1 Maces & Flails
 + Level 1.1 Polearms
 + Level 1.1 Staves
 + Level 1.1 Slings
 + Level 1.1 Bows
 + Level 1.1 Crossbows
 + Level 2.7 Throwing
 + Level 2.7 Armour
 + Level 4.6 Dodging
 + Level 1.1 Stealth
 + Level 1.1 Shields
 + Level 1.1 Unarmed Combat
 + Level 5.1 Spellcasting
 + Level 0.9 Conjurations
 + Level 0.9 Hexes
 + Level 0.9 Charms
 + Level 0.9 Summonings
 + Level 0.9 Necromancy
 + Level 5.4 Translocations
 + Level 0.9 Transmutations
 + Level 0.9 Fire Magic
 + Level 0.9 Ice Magic
 + Level 0.9 Air Magic
 + Level 0.9 Earth Magic
 + Level 0.9 Poison Magic
 + Level 1.2 Invocations
 + Level 1.1 Evocations


You had 11 spell levels left.
You knew the following spells:

 Your Spells              Type           Power        Failure   Level  Hunger
a - Shroud of Golubria    Chrm/Tloc      ##........   9%          2    ##.....

Your spell library contained the following spells:

 Spells                   Type           Power        Failure   Level  Hunger
 Blink                    Tloc           N/A          3%          2    ##.....
 Gell's Gravitas          Tloc           ###.......   6%          3    ###....
 Lesser Beckoning         Tloc           ###.......   6%          3    ###....
 Teleport Other           Tloc           ###.....     6%          3    ###....
 Passage of Golubria      Tloc           N/A          22%         4    ####...


Dungeon Overview and Level Annotations

Branches:
Dungeon (3/15)

Altars:
Nemelex Xobeh
The Shining One

Annotations:
D:3 Grinder


Innate Abilities, Weirdness & Mutations

Your experience applies equally to all skills.
You have very sharp teeth.
Your uncanny sense of smell can sniff out nearby items.


Message History

The orc hits you but does no damage. Grinder closely misses you.
You riposte.
You hit Grinder. You bite Grinder.
Grinder is moderately wounded.
Your shroud bends the orc's attack away.
You closely miss Grinder. You bite Grinder, but do no damage.
Grinder is moderately wounded.
Grinder misses you.
You riposte.
You closely miss Grinder. You bite Grinder, but do no damage.
Grinder is moderately wounded.
An orc priest comes into view. It is wielding a +0 flail.
The orc barely misses you.
You riposte.
You barely miss the orc.
Your shroud bends the orc's attack away.
The orc barely misses you. The orc hits you but does no damage.
Grinder gestures at you. Pain shoots through your body!
* * * LOW HITPOINT WARNING * * *
The orc priest invokes the aid of Beogh against you.
Beogh smites you!
You die...

..l.....[.#.# #
##.####.#.#.# ##
#.o #.#.#.# #.
######.###.#.#.#
#.
......oo)....#.#
#.
######o##.###.#
#. #....o5##.#
#.########.
##......##.#
#..........
.......@##.#
########..
..#####..#.# #.#
. ##.#.# #.#
.#.# #.# .. #..
#.. #.. .. #..
.>. .... ####.


You could see Grinder, 2 orc priests and 3 orcs.

Vanquished Creatures
  3 adders
  An ooze (D:2)
  6 orcs (D:3)
  2 giant cockroaches
  9 goblins
  8 hobgoblins
  8 kobolds
  2 frilled lizards (D:2)
  11 rats
50 creatures vanquished.

Notes
Turn   | Place    | Note
-------+----------+-------------------------------------------
     0 | D:1      | Emblim88 the Gnoll Warper began the quest for the Orb.
     0 | D:1      | Reached XP level 1. HP: 20/20 MP: 6/6
   191 | D:1      | Reached XP level 2. HP: 26/26 MP: 7/7
   563 | D:1      | Learned a level 2 spell: Shroud of Golubria
   646 | D:2      | Found a faded altar of an unknown god.
   709 | D:2      | Found a sparkling altar of Nemelex Xobeh.
   855 | D:2      | Reached skill level 5 in Spellcasting
   855 | D:2      | Reached XP level 3. HP: 25/31 MP: 7/9
  1002 | D:2      | Found a glowing golden altar of the Shining One.
  1162 | D:2      | Reached skill level 1 in Invocations
  1512 | D:2      | Reached skill level 1 in Short Blades
  1512 | D:2      | Reached skill level 1 in Axes
  1512 | D:2      | Reached skill level 1 in Maces & Flails
  1512 | D:2      | Reached skill level 1 in Polearms
  1512 | D:2      | Reached skill level 1 in Staves
  1512 | D:2      | Reached skill level 1 in Slings
  1512 | D:2      | Reached skill level 1 in Bows
  1512 | D:2      | Reached skill level 1 in Crossbows
  1512 | D:2      | Reached skill level 1 in Stealth
  1512 | D:2      | Reached skill level 1 in Shields
  1512 | D:2      | Reached skill level 1 in Unarmed Combat
  1512 | D:2      | Reached skill level 1 in Evocations
  1515 | D:2      | Reached XP level 4. HP: 26/38 MP: 11/11
  2024 | D:3      | Noticed Grinder
  2041 | D:3      | Killed from afar by an orc priest

Skill      XL: |  1  2  3 |
---------------+----------+-----
Spellcasting   | 5 |  5.1
Invocations    | 1 |  1.2
Short Blades   | 1 |  1.1
Axes           | 1 |  1.1
Maces & Flails | 1 |  1.1
Polearms       | 1 |  1.1
Staves         | 1 |  1.1
Slings         | 1 |  1.1
Bows           | 1 |  1.1
Crossbows      | 1 |  1.1
Stealth        | 1 |  1.1
Shields        | 1 |  1.1
Unarmed Combat | 1 |  1.1
Evocations     | 1 |  1.1
Fighting       | |  4.6
Long Blades    | |  4.6
Throwing       | |  2.7
Armour         | |  2.7
Dodging        | |  4.6
Conjurations   | |  0.9
Hexes          | |  0.9
Charms         | |  0.9
Summonings     | |  0.9
Necromancy     | |  0.9
Translocations | |  5.4
Transmutations | |  0.9
Fire Magic     | |  0.9
Ice Magic      | |  0.9
Air Magic      | |  0.9
Earth Magic    | |  0.9
Poison Magic   | |  0.9

Action                   |  1- 3 |  4- 6 || total
-------------------------+-------+-------++-------
Melee: Falchion          |   108 |    50 ||   158
       Bite              |    12 |    10 ||    22
 Cast: Shroud of Golubri |     1 |     2 ||     3
  Use: Potion            |     1 |       ||     1
 Stab: Sleeping          |       |     1 ||     1
  Eat: Chunk             |     1 |     3 ||     4
Armor: Leather armour    |    28 |    16 ||    44
Dodge: Dodged            |   101 |    45 ||   146
       Rpst.: Falchion   |    32 |    23 ||    55
